 Dungeon Crawl Stone Soup version 0.27-a0-1281-ge233d83751 (webtiles) character file.

Game seed: 557564676647339582

84 funkygono the Firebug (level 4, -13/31 HPs)
             Began as a Formicid Fire Elementalist on June 13, 2021.
             Mangled by an ogre (29 damage)
             ... on level 3 of the Dungeon.
             The game lasted 00:06:23 (3733 turns).

funkygono the Firebug (Formicid Fire Elementalist)  Turns: 3733, Time: 00:06:24

Health: -13/31     AC:  6    Str: 13    XL:     4   Next: 72%
Magic:  6/8        EV: 12    Int: 15    God:
Gold:   1196       SH:  0    Dex: 11    Spells: 1/8 levels left

rFire    . . .     SeeInvis +   g - +0 whip
rCold    . . .     Faith    .   (no shield)
rNeg     . . .     Spirit   .   a - +0 robe
rPois    .         Reflect  .   (helmet unavailable)
rElec    .         Harm     .   j - +1 cloak
rCorr    .         Rampage  .   b - +1 pair of gloves
Will     .....                  (no boots)
Stlth    ++........             (no amulet)
HPRegen  0.10/turn              (no ring)
MPRegen  0.11/turn              (no ring)

@: no status effects
A: permanent stasis, dig shafts and tunnels, antennae 3, four strong arms
a: Dig, Shaft Self


You were on level 3 of the Dungeon.
You visited 1 branch of the dungeon, and saw 4 of its levels.

You collected 1196 gold pieces.

Inventory:

Hand Weapons
 g - a +0 whip (weapon)
 i - a +0 mace
Armour
 a - a +0 robe (worn)
 b - a +1 pair of gloves (worn)
 j - a +1 cloak (worn)
Scrolls
 l - a scroll of magic mapping
 n - a scroll of identify
Potions
 c - 2 potions of invisibility
 d - a potion of lignification
 f - a potion of curing


   Skills:
 + Level 0.5 Fighting
 + Level 2.1 Dodging
 - Level 2.4 Stealth
 * Level 2.9 Spellcasting
 * Level 1.5 Conjurations
 * Level 4.1 Fire Magic


You had one spell level left.
You knew the following spells:

 Your Spells              Type           Power      Damage    Failure   Level
a - Foxfire               Conj/Fire      40%        2x1d6     6%          1
b - Conjure Flame         Conj/Fire      10%        6-21      19%         3
c - Inner Flame           Hex/Fire       8%         N/A       26%         3

Your spell library contained the following spells:

 Spells                   Type           Power      Damage    Failure   Level
 Sticky Flame             Conj/Fire      10%        2d3       52%         4
 Fireball                 Conj/Fire      5%         3d5       86%         5


Dungeon Overview and Level Annotations

Branches:
Dungeon (4/15)
 Temple: D:4-7

Altars:
Yredelemnul

Shops:
D:1 (


Innate Abilities, Weirdness & Mutations

You cannot be hasted, slowed, berserked, paralysed or teleported.
You can dig through walls and to a lower floor.
You have a pair of large antennae on your head. (SInv)
Your four strong arms can wield two-handed weapons with a shield.


Message History

The foxfire hits the adder.
The adder is severely wounded.
The foxfire hits the adder.
The adder is almost dead.
The adder bites you but does no damage. The adder bites you.
You climb upwards.
There is a stone staircase leading down here.
Casting: Foxfire (safe; 6% risk of failure)
Confirm with . or Enter, or press ? or * to list all spells.
You conjure some foxfire!
The adder closely misses you.
Unknown command.
You hit the adder but do no damage.
The adder is almost dead.
The foxfire hits the adder.
You kill the adder!
You start resting.
Your foxfire dissipates!
You start resting.
HP restored.
You start resting.
Magic restored.
You climb downwards.
The ogre barely misses you.
There is a stone staircase leading up here.
You climb upwards.
There is a stone staircase leading down here.
Unknown command.
Casting: Foxfire (safe; 6% risk of failure)
Confirm with . or Enter, or press ? or * to list all spells.
You conjure some foxfire!
The ogre hits you with a +0 giant spiked club!
Ouch! That really hurt!
Casting: Foxfire (safe; 6% risk of failure)
Confirm with . or Enter, or press ? or * to list all spells.
You conjure some foxfire!
The foxfire hits the ogre.
The ogre is lightly wounded.
The foxfire hits the ogre.
The ogre is lightly wounded.
The ogre hits you with a +0 giant spiked club!!
Ouch! That really hurt!
You die...

##### #...##.# #.#
#...##.###.#
#...##..##.#############
#...###................#
#...# #..#.###########.#
#...# ##.#...<....# #.#
##### #...#...##.# #.#
#.§vO....#.# #.#
##§@.....#.# #.# ######
##v####.#.####.# .....#
#.#....#.)....# ####.#
#.##.#.######## #.#
#.##.### #.# #.##...#
#.# #.####.# #.# #.# #.#
#.# #.# #.#


You could see an ogre (ally target).

Vanquished Creatures
  2 adders (D:3)
  A gnoll (D:3)
  2 dart slugs
  7 ball pythons
  5 bats
  6 endoplasms
  3 giant cockroaches
  2 hobgoblins
  4 kobolds
  3 quokkas
  6 frilled lizards
  4 goblins
  5 rats
50 creatures vanquished.

Vanquished Creatures (others)
  139 foxfires
139 creatures vanquished.

Grand Total: 189 creatures vanquished

Notes
Turn   | Place    | Note
-------+----------+-------------------------------------------
     0 | D:1      | funkygono the Formicid Fire Elementalist began the quest
                  | for the Orb.
     0 | D:1      | Reached XP level 1. HP: 13/13 MP: 3/3
   317 | D:1      | Reached skill level 1 in Conjurations
   317 | D:1      | Reached XP level 2. HP: 20/20 MP: 0/5
   510 | D:1      | Found Ashiomont's Weapon Shop.
  1138 | D:1      | Found a faded altar of an unknown god.
  1433 | D:2      | Reached XP level 3. HP: 25/25 MP: 4/6
  1487 | D:2      | Learned a level 3 spell: Conjure Flame
  1530 | D:2      | Found a basalt altar of Yredelemnul.
  1538 | D:2      | You fall into a shaft and drop 1 floor!
  2622 | D:2      | Reached XP level 4. HP: 31/31 MP: 4/8
  2666 | D:2      | Learned a level 3 spell: Inner Flame
  2667 | D:2      | Identified a scroll of acquirement
  2667 | D:2      | Acquired 1052 gold pieces
  3652 | D:4      | Noticed an ogre
  3653 | D:4      | Reached skill level 4 in Fire Magic
  3733 | D:3      | Mangled by an ogre

Illustrated notes

Levels and vault maps discovered:
D:1:      scummos_arrival_simple_crosswalls, layout_loops_ring,
          ebering_ecumenical_altar_abandoned, serial_shops, shop_coins,
          chequers_arboretum
D:2:      layout_loops_ring, basic_altar, st_stairs_13
D:3:      layout_basic
D:4:      layout_rooms, temple_fountains, minmay_misc_feat_room

Skill      XL: |  1  2  3  4 |
---------------+-------------+-----
Conjurations   | 1 |  1.5
Dodging        | 2 |  2.1
Fire Magic     | 4 |  4.1
Fighting       | |  0.5
Stealth        | |  2.4
Spellcasting   | |  2.9

Action                   |  1- 3 |  4- 6 || total
-------------------------+-------+-------++-------
Melee: Whip              |     4 |    12 ||    16
 Cast: Foxfire           |    67 |    23 ||    90
  Use: Scroll            |     1 |    10 ||    11
Armor: Robe              |     6 |    10 ||    16
Dodge: Dodged            |    14 |    22 ||    36

Table legend: (Time is in decaauts)
 A = Elapsed time spent in this place.
 B = Non-inter-level travel time spent in this place.
 C = Inter-level travel time spent in this place.
 D = Time resting spent in this place.
 E = Time spent auto-exploring this place.
 F = Levels seen in this place.
 G = Mean time per level.
                   A        B        C        D        E       F      G
               +--------+--------+--------+--------+--------+-----+--------+
         Total |   3737 |   3573 |    164 |    418 |   2509 |   4 |  934.2 |
       Dungeon |   3737 |   3573 |    164 |    418 |   2509 |   4 |  934.2 |
               +--------+--------+--------+--------+--------+-----+--------+

Top non-repeatable levels by time:
     D:3: 1436 daAuts
     D:1: 1364 daAuts
     D:2: 910 daAuts
     D:4: 26 daAuts
